 Dungeon Crawl Stone Soup version 0.30-a0-6-g7c9e10e132 (webtiles) character file.

Game seed: 1005090110560820447

665 Zeldest the Trooper (level 7, -6/60 HPs)
             Began as a Ghoul Fighter on Aug 22, 2022.
             Was a Believer of Makhleb.
             Mangled by an ogre
             ... wielding a +0 giant spiked club
              (19 damage)
             ... on level 5 of the Dungeon.
             The game lasted 00:05:47 (5106 turns).

Zeldest the Trooper (Ghoul Fighter)                 Turns: 5106, Time: 00:05:48

Health: -6/60      AC: 10    Str: 22    XL:     7   Next: 57%
Magic:  7/7        EV:  7    Int:  3    God:    Makhleb [**....]
Gold:   224        SH:  9    Dex:  8    Spells: 6/6 levels left

rFire   . . .      SeeInvis .    a - +0 war axe
rCold   + . .      Faith    .    c - +0 buckler
rNeg    + + +      Spirit   .    v - +0 chain mail
rPois   ∞          Reflect  +    (no helmet)
rElec   .          Harm     .    e - +0 cloak
rCorr   +          Rampage  .    (no gloves)
Will    .....                    (no boots)
Stlth   ..........               n - amulet of reflection
HPRegen 0.00/turn                t - ring of resist corrosion
MPRegen 0.10/turn                (no ring)

@: inhibited regen
A: claws 1, cold resistance 1, negative energy resistance 3, inhibited
regeneration, torment resistance 2, devour on kill
a: Renounce Religion, Minor Destruction


You were on level 5 of the Dungeon.
You worshipped Makhleb.
Makhleb was pleased with you.
You visited 1 branch of the dungeon, and saw 5 of its levels.
You also visited: Sewer.

You collected 224 gold pieces.

Inventory:

Hand Weapons
 a - a +0 war axe (weapon)
Armour
 c - a +0 buckler (worn)
 e - a +0 cloak (worn)
 v - a +0 chain mail (worn)
Jewellery
 n - an amulet of reflection (around neck)
 t - a ring of resist corrosion (left claw)
Wands
 b - a wand of quicksilver (8)
Scrolls
 i - a scroll of teleportation
 k - 2 scrolls of fear
 l - a scroll of silence
 m - a scroll of butterflies
 p - 2 scrolls of poison
 r - a scroll of torment {unknown}
 s - a scroll of vulnerability {unknown}
 w - a scroll of noise {unknown}
 y - a scroll of immolation {unknown}
 z - a scroll of magic mapping {unknown}
Potions
 d - a potion of might
 f - 5 potions of flight
 g - 2 potions of attraction
 j - 4 potions of curing
 o - a potion of haste {unknown}
 u - 3 potions of heal wounds
 x - a potion of invisibility {unknown}


   Skills:
 + Level 4.8 Fighting
 * Level 4.7 Axes
 + Level 4.1 Armour
 + Level 4.1 Shields
 + Level 2.2 Invocations


You had 6 spell levels left.
You didn't know any spells.
Your spell library contained the following spells:

 Spells                   Type           Power      Damage    Failure   Level
 Ozocubu's Armour         Ice            0%         N/A       100%        3
 Ozocubu's Refrigeration  Ice            0%         4d7       100%        7


Dungeon Overview and Level Annotations

Branches:
Dungeon (5/15)              Sewer (visited)
 Temple: D:4-7

Altars:
Makhleb
Xom

Shops:
D:3 *   D:4 *   D:5 (

Annotations:
D:3 1 runed translucent door, Crazy Yiuf


Innate Abilities, Weirdness & Mutations

You are immune to poison.
You have sharp fingernails.
Your flesh is cold resistant. (rC+)
You are immune to negative energy. (rN+++)
You do not regenerate when monsters are visible.
You are immune to unholy pain and torment.
You thrive by killing the living.


Message History

You see here 2 boomerangs.
The iguana bites you.
You slash the iguana!
The iguana is heavily wounded.
The iguana bites you but does no damage.
You closely miss the iguana.
The iguana is heavily wounded.
You hit the ogre. The iguana bites you!
The ogre hits you with a +0 giant spiked club!
You are too injured to fight recklessly!
You are too injured to fight recklessly!
You are too injured to fight recklessly!
You are too injured to fight recklessly!
You are too injured to fight recklessly!
You are too injured to fight recklessly!
You are too injured to fight recklessly!
You are too injured to fight recklessly!
You are too injured to fight recklessly!
You are too injured to fight recklessly!
You are too injured to fight recklessly!
You are too injured to fight recklessly!
You are too injured to fight recklessly!
You are too injured to fight recklessly!
You are too injured to fight recklessly!
You are too injured to fight recklessly!
You are too injured to fight recklessly!
You are too injured to fight recklessly!
You barely miss the ogre.
The ogre is lightly wounded.
You hit the iguana. The iguana bites you! You block the ogre's attack.
The iguana bites you.
You hit the iguana but do no damage.
The iguana is severely wounded.
You hit the ogre. The iguana barely misses you. You block the ogre's attack.
You hit the iguana.
The iguana is almost dead.
You hit the ogre. The iguana bites you.
* * * LOW HITPOINT WARNING * * *
The ogre hits you with a +0 giant spiked club!!
You die...

.. .. .# ...>....... ..
.## #.$........ ..
..##.......... ..
............. .. ####
............ ###
#..#####...........
..####..#.[.#.##.O......
).#..#..#...#..(@l8.8.8#
'##..#)##...#..###.....#
......?.))..#.## ._.8#
..####.)#...'.# ...# ###
#.######.# .8# #.# ....
.# #.+ ...... # ### #.#
#........ (.# #..
#........


You could see an ogre and an iguana.

Vanquished Creatures
  An ice beast (D:5)
  A scorpion (D:3)
  A howler monkey (D:4)
  2 orc priests
  Ijyb (D:3)
  An iguana (D:4)
  2 orc wizards (D:5)
  10 adders
  2 gnolls (D:5)
  6 river rats
  A worm (D:2)
  16 orcs
  16 ball pythons
  12 endoplasms
  7 giant cockroaches
  11 goblins
  12 hobgoblins
  2 jackals (Sewer)
  8 kobolds
  7 quokkas
  12 bats
  3 frilled lizards
  5 rats
139 creatures vanquished.

Vanquished Creatures (others)
  2 plants (D:5)
2 creatures vanquished.

Grand Total: 141 creatures vanquished

Notes
Turn   | Place    | Note
-------+----------+-------------------------------------------
     0 | D:1      | Zeldest the Ghoul Fighter began the quest for the Orb.
     0 | D:1      | Reached XP level 1. HP: 19/19 MP: 0/0
   127 | D:1      | Found a faded altar of an unknown god.
   162 | D:1      | Reached XP level 2. HP: 25/26 MP: 1/1
  1143 | D:2      | Reached XP level 3. HP: 23/31 MP: 2/2
  1811 | D:3      | Found a burning altar of Makhleb.
  1845 | D:3      | Noticed Ijyb
  1874 | D:3      | Killed Ijyb
  1875 | D:3      | Reached XP level 4. HP: 21/40 MP: 3/3
  2048 | D:3      | Found a runed translucent door.
  2049 | D:3      | Noticed Crazy Yiuf
  2173 | D:3      | Found a shimmering altar of Xom.
  2175 | D:3      | Found Plog's General Store.
  2342 | D:3      | Noticed a scorpion
  2346 | D:3      | Killed a scorpion
  2347 | D:3      | Reached XP level 5. HP: 46/46 MP: 4/4
  2859 | D:3      | Became a worshipper of Makhleb the Destroyer
  2892 | D:3      | Reached XP level 6. HP: 27/52 MP: 5/5
  3233 | D:4      | Reached skill level 1 in Invocations
  3490 | D:4      | Found Siforph's Gadget Gallery.
  3833 | D:5      | Entered Level 5 of the Dungeon
  3833 | D:5      | Noticed an ice beast
  3833 | D:5      | Found Nuirytton's Magic Scroll Emporium.
  3840 | D:5      | Killed an ice beast
  3853 | D:5      | Reached * piety under Makhleb
  4030 | D:5      | Reached XP level 7. HP: 42/60 MP: 7/7
  4165 | D:5      | Found a glowing drain.
  4305 | Sewer    | Entered a sewer
  4516 | Sewer    | Reached ** piety under Makhleb
  4953 | D:5      | Found Reosm's Weapon Emporium.
  5100 | D:5      | Found a faded altar of an unknown god.
  5106 | D:5      | Mangled by an ogre

Illustrated notes

Levels and vault maps discovered:
D:1:      onia_arrival_mini_maze_b, layout_basic, basic_ecumenical_altar,
          nrook_mini_vaults
D:2:      layout_loops_ring, nicolae_kite_square_tiling_tiny,
          kennysheep_minor_cross, st_stairs_14, hangedman_glass_teeth,
          grunt_ministairs_14
D:3:      layout_basic, bloody_makhleb, xom_teletrap_fun, serial_shops,
          nicolae_shop_crystal, uniq_ijyb, uniq_crazy_yiuf_cottage
D:4:      layout_basic, nicolae_shop_gadgets
D:5:      corexii_shantytown, layout_cave_pods,
          chequers_temple_overflow_statue_of_worship, serial_column_ruins,
          column_ruins_temple_hall, column_ruins_corridor_straight,
          column_ruins_grid_1, column_ruins_columns_corner,
          column_ruins_open_tiny, column_ruins_columns_corner,
          column_ruins_open_tiny, portal_sewer_entry_b, serial_shops,
          nicolae_take_the_stairs, nicolae_shop_crystal,
          nicolae_shop_bloodbath_and_beyond, nicolae_square_shop, shop

Skill      XL: |  1  2  3  4  5  6  7 |
---------------+----------------------+-----
Axes           | 2 3 4 |  4.7
Armour         | 3 4 |  4.1
Shields        | 3 4 |  4.1
Fighting       | 4 |  4.8
Invocations    | 1 2 |  2.2

Action                   |  1- 3 |  4- 6 |  7- 9 || total
-------------------------+-------+-------+-------++-------
Melee: War axe           |    97 |   154 |   232 ||   483
  Use: Scroll            |       |       |    11 ||    11
       Potion            |       |       |     1 ||     1
Armor: Scale mail        |    30 |    32 |       ||    62
       Chain mail        |       |    28 |   170 ||   198
Dodge: Dodged            |    27 |    59 |    76 ||   162
Block: Buckler           |    30 |    80 |   133 ||   243
       Reflection        |       |     3 |     1 ||     4

Table legend: (Time is in decaauts)
 A = Elapsed time spent in this place.
 B = Non-inter-level travel time spent in this place.
 C = Inter-level travel time spent in this place.
 D = Time resting spent in this place.
 E = Time spent auto-exploring this place.
 F = Levels seen in this place.
 G = Mean time per level.
                   A        B        C        D        E       F      G
               +--------+--------+--------+--------+--------+-----+--------+
         Total |   5444 |   5328 |    116 |   1129 |   2919 |   6 |  907.3 |
       Dungeon |   4624 |   4508 |    116 |   1129 |   2519 |   5 |  924.8 |
         Sewer |    819 |    819 |      0 |      0 |    399 |   1 |  819.0 |
               +--------+--------+--------+--------+--------+-----+--------+

Top non-repeatable levels by time:
     D:2: 1224 daAuts
     D:3: 1136 daAuts
     D:1: 872 daAuts
     D:4: 843 daAuts
   Sewer: 819 daAuts
     D:5: 546 daAuts
